 Dungeon Crawl Stone Soup version 0.27-a0-385-g3208abaabc (webtiles) character file.

Game seed: 10102566545139010470

263777 Anon1729 the Zephyrmancer (level 18, -1/149 HPs)
             Began as a Demigod Air Elementalist on Feb 19, 2021.
             Shot with a bolt by a yaktaur captain (39 damage)
             ... on level 1 of the Vaults.
             The game lasted 02:41:13 (65143 turns).

Anon1729 the Zephyrmancer (DgAE)                   Turns: 65143, Time: 02:41:13

Health: -1/149     AC: 27    Str: 23    XL:     18   Next: 55%
Magic:  28/39      EV: 14    Int: 39    God:
Gold:   907        SH: 12    Dex: 24    Spells: 14/41 levels left

rFire    + . .     SeeInvis +   N - +9 long sword of Fundamental Breach {speed, Str+6}
rCold    + + .     Faith    .   A - +6 buckler "Taanoan" {rPois Will- Dex+6 Slay+4}
rNeg     + + .     Spirit   .   b - +5 plate armour "Xyeclonat" {rC++ rN+ Dex+4}
rPois    +         Reflect  .   Z - +2 helmet {SInv}
rElec    .         Harm     .   v - +2 cloak
rCorr    .         Rampage  .   w - +0 pair of gloves "Joeth" {Slay+2 Stlth+}
Will     .....                  i - +1 pair of boots
Stlth    ..........             Q - amulet of Ecradir {Acrobat +Inv rN+}
HPRegen  0.34/turn              O - +6 ring of intelligence
MPRegen  0.26/turn              y - ring of protection from fire

@: very slightly contaminated, slowed, very slow
A: high mp 1
}: 2/15 runes: serpentine, barnacled
a: Evoke Invisibility


You were on level 1 of the Vaults.
You visited 8 branches of the dungeon, and saw 34 of its levels.
You visited 1 bazaar.

You collected 3599 gold pieces.
You spent 2692 gold pieces at shops.

Inventory:

Hand Weapons
 C - the +7 pair of quick blades "Gyre" and "Gimble" {protect}
   (You bought it in a shop on level 2 of the Orcish Mines)

   It grants its wielder temporary protection when it strikes (+7 to AC).
 N - the +9 long sword of Fundamental Breach (weapon) {speed, Str+6}
   (You bought it in a shop on level 5 of the Dungeon)

   Attacks with this weapon are significantly faster.
   It affects your strength (+6).
Missiles
 l - 60 poisoned darts (quivered)
Armour
 b - the +5 plate armour "Xyeclonat" (worn) {rC++ rN+ Dex+4}
   (You bought it in a shop in a bazaar)

   It affects your dexterity (+4).
   It greatly protects you from cold.
   It protects you from negative energy.
 i - a +1 pair of boots (worn)
 v - a +2 cloak (worn)
 w - the +0 pair of gloves "Joeth" (worn) {Slay+2 Stlth+}
   (You found it on level 3 of the Snake Pit)

   It affects your accuracy and damage with ranged weapons and melee attacks
   (+2).
   It makes you more stealthy.
 x - a +2 chain mail of willpower
 A - the +6 buckler "Taanoan" (worn) {rPois Will- Dex+6 Slay+4}
   (You bought it in a shop on level 4 of the Dungeon)

   It affects your dexterity (+6).
   It affects your accuracy and damage with ranged weapons and melee attacks
   (+4).
   It protects you from poison.
   It affects your willpower, your defense against some magical effects.
 Z - a +2 helmet of see invisible (worn)
Magical Staves
 W - a staff of air
Jewellery
 c - a ring of see invisible
 y - a ring of protection from fire (right hand)
 O - a +6 ring of intelligence (left hand)
 Q - the amulet of Ecradir (around neck) {Acrobat +Inv rN+}
   (You found it on level 7 of the Dungeon)

   [amulet of the acrobat]

   It helps you evade while moving and waiting.
   It protects you from negative energy.
   It lets you turn invisible.
 T - a ring of willpower
Wands
 d - a wand of acid (48)
 n - a wand of flame (26)
 r - a wand of digging (4)
 s - a wand of polymorph (18)
 P - a wand of iceblast (35)
 R - a wand of mindburst (41)
 U - a wand of paralysis (48)
 Y - a wand of charming (11)
Scrolls
 a - 3 scrolls of holy word
 f - 8 scrolls of magic mapping
 g - 4 scrolls of teleportation
 j - a scroll of summoning
 k - 12 scrolls of amnesia
 o - 5 scrolls of enchant weapon
 t - 4 scrolls of immolation
 D - 4 scrolls of brand weapon
 E - 3 scrolls of fear
 I - 7 scrolls of fog
 K - 9 scrolls of enchant armour
 S - 7 scrolls of identify
 X - 6 scrolls of silence
Potions
 e - 6 potions of cancellation
 h - a potion of might
 m - 6 potions of flight
 q - 4 potions of mutation
 u - 4 potions of haste
 z - 3 potions of berserk rage
 B - 5 potions of attraction
 F - 3 potions of curing
 G - 4 potions of invisibility
 H - 4 potions of heal wounds
 J - 8 potions of lignification
 L - 2 potions of magic
 M - 4 potions of brilliance
Miscellaneous
 V - a tin of tremorstones (2/2)


   Skills:
 + Level 10.5 Fighting
 - Level 2.0(8.6) Short Blades
 + Level 12.7(12.8) Long Blades
 + Level 5.2 Armour
 - Level 10.0 Dodging
 - Level 2.0 Stealth
 - Level 4.0 Shields
 - Level 12.1 Spellcasting
 + Level 13.6 Conjurations
 * Level 6.9 Ice Magic
 + Level 13.8 Air Magic
 + Level 10.5 Evocations


You had 14 spell levels left.
You knew the following spells:

 Your Spells              Type           Power        Failure   Level
a - Apportation           Tloc           46%          26%         1
b - Swiftness             Air            93%          1%          2
c - Static Discharge      Conj/Air       92%          1%          3
d - Airstrike             Air            46%          1%          4
e - Lightning Bolt        Conj/Air       46%          2%          5
f - Shock                 Conj/Air       100%         1%          1
g - Mephitic Cloud        Conj/Pois/Air  76%          1%          3
h - Corpse Rot            Necr/Air       N/A          2%          2
i - Freezing Cloud        Conj/Ice/Air   42%          34%         6

Your spell library contained the following spells:

 Spells                   Type           Power        Failure   Level
 Foxfire                  Conj/Fire      100%         1%          1
 Magic Dart               Conj           100%         1%          1
 Poisonous Vapours        Pois/Air       100%         2%          2
 Iskenderun's Battlesphe  Conj           92%          2%          5
 Conjure Flame            Conj/Fire      67%          4%          3
 Stone Arrow              Conj/Erth      100%         4%          3
 Ensorcelled Hibernation  Hex/Ice        100%         10%         2
 Iskenderun's Mystic Bla  Conj/Tloc      67%          16%         4
 Sticky Flame             Conj/Fire      67%          16%         4
 Beastly Appendage        Tmut           46%          26%         1
 Corona                   Hex            25%          26%         1
 Sting                    Tmut/Pois      92%          26%         1
 Blink                    Tloc           N/A          36%         2
 Call Imp                 Summ           23%          36%         2
 Slow                     Hex            23%          36%         2
 Sublimation of Blood     Necr           11%          36%         2
 Silence                  Hex/Air        33%          38%         5
 Fireball                 Conj/Fire      33%          41%         5
 Irradiate                Conj/Tmut      33%          41%         5
 Ice Form                 Ice/Tmut       50%          54%         4
 Confusing Touch          Hex            23%          61%         3
 Gell's Gravitas          Tloc           11%          61%         3
 Ignite Poison            Fire/Tmut/Pois 23%          61%         3
 Inner Flame              Hex/Fire       23%          61%         3
 Lesser Beckoning         Tloc           11%          61%         3
 Portal Projectile        Hex/Tloc       46%          61%         3
 Orb of Destruction       Conj           46%          63%         7
 Bolt of Magma            Conj/Fire/Erth 28%          75%         5
 Metabolic Englaciation   Hex/Ice        25%          87%         5
 Iron Shot                Conj/Erth      33%          94%         6
 Starburst                Conj/Fire      33%          94%         6
 Animate Armour           Summ/Erth      46%          95%         4
 Cause Fear               Hex            11%          95%         4
 Leda's Liquefaction      Hex/Erth       11%          95%         4
 Manifold Assault         Tloc           23%          95%         4
 Olgreb's Toxic Radiance  Pois           23%          95%         4
 Petrify                  Tmut/Erth      23%          95%         4
 Borgnjor's Vile Clutch   Necr/Erth      11%          100%        5
 Summon Forest            Summ/Tloc      11%          100%        5
 Yara's Violent Unravell  Hex/Tmut       11%          100%        5
 Eringya's Noxious Bog    Tmut/Pois      11%          100%        6
 Hydra Form               Tmut           11%          100%        6
 Shadow Creatures         Summ           N/A          100%        6
 Simulacrum               Ice/Necr       25%          100%        6
 Statue Form              Tmut/Erth      15%          100%        6
 Dragon Form              Tmut           11%          100%        7
 Ozocubu's Refrigeration  Ice            33%          100%        7
 Spellforged Servitor     Conj/Summ      33%          100%        7
 Summon Hydra             Summ           11%          100%        7
 Discord                  Hex            11%          100%        8
 Shatter                  Erth           11%          100%        9


Dungeon Overview and Level Annotations

Branches:
Dungeon (15/15)            Temple (1/1) D:4            Lair (6/6) D:9
 Shoals (4/4) Lair:4        Snake (4/4) Lair:2        Slime (0/5) Lair:5
    Orc (2/2) D:11            Elf (1/3) Orc:2        Vaults (1/5) D:14
 Depths (0/5) D:15

Shops:
D:4 [   D:5 *?*   D:7 ![   D:11 [!   D:13 *   Orc:1 [   Orc:2 (?:!
Snake:1 ?[(

Portals:
Trove: D:10 (give 3 potions of resistance)

Annotations:
D:6 2 transporters, XanderDroid's ghost, novice GnWn
D:7 exclusion: orc warrior
D:8 3 runed translucent doors, kae's ghost, novice DrTm; tilp's ghost, novice OpTm
D:12 Frances
Lair:2 1 runed translucent door, Vejex's ghost, journeyman DEFE
Lair:4 Rupert
Shoals:1 1 runed translucent door, Avuolin's ghost, adept HaHu
Orc:1 3 runed translucent doors, Vaischauc's ghost, journeyman MiFi
Orc:2 exclusion: downstairs
Elf:1 Louise


Innate Abilities, Weirdness & Mutations

You have an increased reservoir of magic. (+10% MP)


Message History

The two-headed ogre is engulfed in freezing vapours.
The two-headed ogre hits you with a +0 giant club!
The two-headed ogre misses you.
The vault warden is engulfed in freezing vapours.
The vault warden hits you with a +0 great mace!
The deep elf archer is engulfed in freezing vapours.
The deep elf archer hits you but does no damage.
The ogre mage is engulfed in freezing vapours.
The ogre mage barely misses you.
You riposte.
You slice the ogre mage!!
You kill the ogre mage!
The ironbrand convoker is engulfed in freezing vapours.
You block the ironbrand convoker's attack.
The yaktaur captain is engulfed in freezing vapours.
The yaktaur captain shoots a bolt.
The bolt hits you.
The two-headed ogre is engulfed in freezing vapours.
You block the two-headed ogre's attack. The two-headed ogre closely misses you.
Unknown command.
Unknown command.
Unknown command.
Unknown command.
Unknown command.
Unknown command.
You feel much better.
The runic seal fades away.
You are engulfed in freezing vapours.
You resist.
The two-headed ogre is engulfed in freezing vapours.
You block the two-headed ogre's attack. x2
The deep elf archer is engulfed in freezing vapours.
The deep elf archer hits you but does no damage.
The two-headed ogre is engulfed in freezing vapours.
You kill the two-headed ogre!
The vault warden is engulfed in freezing vapours.
The vault warden hits you with a +0 great mace!
* * * LOW HITPOINT WARNING * * *
The two-headed ogre is engulfed in freezing vapours.
You block the two-headed ogre's attack. The two-headed ogre barely misses you.
The ironbrand convoker is engulfed in freezing vapours.
The ironbrand convoker barely misses you.
The yaktaur captain is engulfed in freezing vapours.
The yaktaur captain shoots a bolt.
The bolt hits you!!!
You die...

...........#......#.........
########...#......#.........
#..# #...#......#.........
#..# #...#......#.........
#..# #..)#....^.#.........
#..#####...#......'......###
#......#...#......#......#
.......#...####§##########
..######.....#c§@OO..... .##
#.....#.epp......
..######[....#.☼cc§.....
.......#.....#...##+##..
#......'.....##### #
#..#####.....# #..# #†....#
#..# #.....# #..# #.....#


You could see a vault warden (strong), a yaktaur captain, a centaur warrior, a
two-headed ogre (fast), an ogre mage (invisible), a deep elf archer (strong,
repels missiles), an ironbrand convoker and a yaktaur.

Vanquished Creatures
  Mara (Snake:3)
  Vashnia (Snake:4)
  A sphinx (Vaults:1)
  Gastronok (D:12)
  Roxanne (Snake:4)
  20 nagarajas
  3 entropy weavers
  An ettin (Orc:1)
  4 merfolk javelineers
  2 yaktaur captains
  7 merfolk impalers
  An ice dragon (Vaults:1)
  A catoblepas (Lair:6)
  7 hydras
  5 boulder beetles
  26 naga warriors
  An alligator snapping turtle (Shoals:3)
  8 anacondas
  8 centaur warriors
  5 merfolk aquamancers
  4 merfolk avatars
  8 ogre magi
  2 satyrs (Shoals:4)
  11 two-headed ogres
  A queen ant (Lair:6)
  An orc high priest (Orc:2)
  19 naga sharpshooters
  3 tengu warriors
  2 shock serpents
  Sonja (Orc:2)
  A deep elf knight (Orc:2)
  7 skeletal warriors
  12 sea snakes
  A salamander mystic (Snake:4)
  A kraken simulacrum (Shoals:4)
  2 unseen horrors
  2 ironbrand convokers (Vaults:1)
  4 naga ritualists
  8 orc knights
  12 wizards
  A deep elf zephyrmancer (D:12)
  A wolf spider zombie (D:12)
  16 harpies
  10 mana vipers
  5 orc sorcerers
  A wolf spider (Vaults:1)
  17 ugly things
  10 manticores
  3 deep elf pyromancers
  4 cyclopes
  5 oklob plants
  8 fauns
  7 guardian serpents
  10 salamanders
  8 merfolk sirens
  10 naga magi
  31 black mambas
  6 elephants (Lair:5)
  A torpor snail (Lair:2)
  28 cane toads
  A gargoyle (D:10)
  8 water nymphs
  2 vault sentinels
  A freezing wraith (D:14)
  5 yaktaurs
  A kobold demonologist (D:15)
  7 centaur skeletons
  A yaktaur (shapeshifter) (Vaults:1)
  A rime drake (Lair:6)
  8 komodo dragons
  26 merfolk
  A tengu conjurer (D:15)
  A merfolk (shapeshifter) (D:15)
  6 trolls
  A hornet (D:10)
  3 meliai (D:14)
  4 tyrant leeches (Lair:6)
  7 wind drakes
  A blink frog (shapeshifter) (D:14)
  2 polar bears
  22 blink frogs
  10 snapping turtles
  A centaur simulacrum (D:15)
  19 water elementals
  2 wraiths
  2 shadows
  2 vampires
  41 yaks
  3 wyverns
  A hog (shapeshifter) (Vaults:1)
  3 basilisks
  17 vampire mosquitoes
  3 wargs
  A naga (shapeshifter) (D:15)
  72 nagas
  17 soldier ants (Lair:6)
  An acid dragon (D:12)
  17 water moccasins
  5 black bears
  6 sky beasts
  40 orc warriors
  2 hornet zombies
  A wolf (Lair:3)
  27 centaurs
  A tengu (shapeshifter) (D:14)
  15 ogres
  5 boggarts (D:14)
  4 phantoms
  30 bullfrogs
  A wyvern zombie (D:14)
  3 scorpions
  15 killer bees
  5 wights (D:8)
  2 electric eels
  3 howler monkeys
  2 bullfrog zombies
  A lava snake (Snake:2)
  4 hounds
  A jelly (D:11)
  2 quasits
  3 centaur zombies
  15 orc priests
  2 bullfrog skeletons (D:13)
  A gnoll shaman (Orc:2)
  Jessica (D:2)
  5 iguanas
  17 orc wizards
  20 worker ants
  A killer bee zombie (D:7)
  2 hound skeletons
  2 hound zombies (D:7)
  Robin (D:3)
  5 gnolls
  25 adders
  A shadow imp (D:10)
  A white imp (D:9)
  3 ufetubi
  An ooze (D:1)
  An adder zombie (D:6)
  An adder skeleton (D:7)
  3 leopard geckos
  73 orcs
  4 giant cockroaches
  8 goblins (D:3)
  18 hobgoblins
  2 quokkas
  3 ball pythons (D:3)
  10 bats
  4 frilled lizards
  5 kobolds
  3 rats
1125 creatures vanquished.

Vanquished Creatures (others)
  A cane toad (Lair:6)
  A centaur (D:11)
  A bullfrog skeleton (D:7)
  An iguana (D:11)
  An orc wizard (Orc:1)
  2 orcs (Orc:2)
  43 fungi
  185 plants
  8 tentacles (Shoals:4)
  6 toadstools (D:8)
249 creatures vanquished.

Grand Total: 1374 creatures vanquished

Notes
Turn   | Place    | Note
-------+----------+-------------------------------------------
     0 | D:1      | Anon1729 the Demigod Air Elementalist began the quest for
                  | the Orb.
     0 | D:1      | Reached XP level 1. HP: 14/14 MP: 5/5
   129 | D:1      | Reached skill level 1 in Conjurations
   349 | D:1      | Reached XP level 2. HP: 20/20 MP: 2/7
   723 | D:1      | Reached XP level 3. HP: 26/26 MP: 5/8
  1186 | D:2      | Learned a level 2 spell: Swiftness
  1190 | D:2      | Learned a level 3 spell: Static Discharge
  1460 | D:2      | Reached XP level 4. HP: 33/33 MP: 6/10
  1634 | D:2      | Noticed Jessica
  1640 | D:2      | Killed Jessica
  1960 | D:2      | You fall into a shaft and drop 2 floors!
  2251 | D:4      | Found a staircase to the Ecumenical Temple.
  2318 | D:4      | HP: 1/33 [orc wizard/+0 dagger (2)]
  2346 | Temple   | Entered the Ecumenical Temple
  2789 | D:4      | Reached XP level 5. HP: 38/38 MP: 8/12
  3038 | D:4      | Found Bearchon's Antique Armour Boutique.
  3815 | D:3      | Noticed Robin
  3820 | D:3      | Killed Robin
  3984 | D:3      | Learned a level 4 spell: Airstrike
  4212 | D:3      | Found a hazy altar of Hepliaklqana.
  4523 | D:3      | Reached XP level 6. HP: 45/45 MP: 10/14
  4984 | D:2      | Found an ornate altar of the Wu Jian Council.
  5196 | D:4      | Bought a crude buckler for 190 gold pieces
  5201 | D:4      | Identified the +6 buckler "Taanoan" {rPois Will- Dex+6
                  | Slay+4} (You bought it in a shop on level 4 of the Dungeon)
  5230 | D:5      | Entered Level 5 of the Dungeon
  5342 | D:5      | Found Puas Boa's General Store.
  5378 | D:5      | Found a shimmering blue altar of Sif Muna.
  5703 | D:5      | Reached skill level 1 in Shields
  5792 | D:5      | Found a bloodstained altar of Trog.
  5959 | D:5      | You fall into a shaft and drop 1 floor!
  5965 | D:6      | Reached XP level 7. HP: 50/50 MP: 5/16
  6137 | D:5      | Found Ycamikk's Magic Scroll Shop.
  6295 | D:5      | Found Akhiwid's Assorted Antiques.
  6766 | D:6      | Reached skill level 5 in Air Magic
  7040 | D:6      | Found a transporter.
  7040 | D:6      | Noticed XanderDroid's ghost (novice GnWn)
  7059 | D:6      | Found a transporter.
  7242 | D:6      | Found a hide-covered altar of Uskayaw.
  7242 | D:6      | Found a sparkling altar of Nemelex Xobeh.
  7358 | D:5      | Bought a glimmering long sword for 178 gold pieces
  7358 | D:5      | Bought a scroll labelled ITIAHE JENNA for 21 gold pieces
  7358 | D:5      | Bought a scroll labelled FEETUQ QIERGHI for 21 gold pieces
  7358 | D:5      | Identified the +9 long sword of Fundamental Breach {speed,
                  | Str+6} (You bought it in a shop on level 5 of the Dungeon)
  7374 | D:7      | Found a white marble altar of Elyvilon.
  7486 | D:7      | Found Feyhas's Armour Shoppe.
  7608 | D:7      | Found a glowing silver altar of Zin.
  7635 | D:7      | Reached skill level 1 in Long Blades
  7797 | D:7      | Reached XP level 8. HP: 57/57 MP: 13/18
  7981 | D:7      | Got a scintillating crystal amulet
  8000 | D:7      | Identified the amulet of Ecradir {Acrobat +Inv rN+} (You
                  | found it on level 7 of the Dungeon)
  8027 | D:7      | Found Kodoxote's Distillery.
  8175 | D:7      | Reached skill level 5 in Conjurations
  8393 | D:7      | Noticed a deep elf pyromancer
  8681 | D:7      | Noticed a freezing wraith
  8724 | D:6      | Reached skill level 5 in Spellcasting
  8864 | D:8      | Found a burning altar of Makhleb.
  8898 | D:8      | Got a sheer robe
  8909 | D:8      | Identified the +1 robe "Plog" {rF- rCorr Str+2 Slay+3} (You
                  | found it on level 8 of the Dungeon)
  9087 | D:8      | Found a runed translucent gate.
  9316 | D:8      | Found a runed translucent gate.
  9316 | D:8      | Found a runed translucent gate.
  9321 | D:8      | Noticed tilp's ghost (novice OpTm)
  9321 | D:8      | Noticed kae's ghost (novice DrTm)
  9321 | D:8      | Noticed kae's ghost (novice DrTm)
  9672 | D:5      | Bought a scroll labelled AFFEVIBR NEAF for 21 gold pieces
  9672 | D:5      | Bought a golden potion for 18 gold pieces
  9672 | D:5      | Bought a viscous brown potion for 18 gold pieces
  9672 | D:5      | Bought a scroll labelled RUTOIKATER for 21 gold pieces
  9672 | D:5      | Bought a fizzy ruby potion for 18 gold pieces
  9691 | D:5      | Bought a scroll of fog for 22 gold pieces
  9691 | D:5      | Bought a scroll of identify for 22 gold pieces
  9827 | D:8      | Reached XP level 9. HP: 54/62 MP: 20/20
 10024 | D:9      | Reached skill level 1 in Armour
 10349 | D:9      | Found a staircase to the Lair.
 10350 | D:9      | Noticed a komodo dragon
 10379 | D:9      | Killed a komodo dragon
 10846 | D:9      | You fall into a shaft and drop 2 floors!
 10887 | D:11     | Noticed a centaur warrior
 10887 | D:11     | Noticed a centaur warrior
 10896 | D:11     | Killed a centaur warrior
 10897 | D:11     | Reached skill level 5 in Long Blades
 10897 | D:11     | Reached XP level 10. HP: 60/69 MP: 23/23
 10913 | D:11     | Killed a centaur warrior
 11051 | D:11     | Noticed a boulder beetle
 11074 | D:11     | Noticed a five-headed hydra
 11111 | D:10     | Entered Level 10 of the Dungeon
 11241 | D:10     | Found a sparkling altar of Nemelex Xobeh.
 11353 | D:10     | Found a blossoming altar of Fedhas.
 12342 | D:10     | Found a portal to a secret trove of treasure.
 12669 | Lair:1   | Entered Level 1 of the Lair of Beasts
 13108 | Lair:1   | Noticed a six-headed hydra
 13247 | D:9      | Found a basalt altar of Yredelemnul.
 13247 | D:9      | Found a snail-covered altar of Cheibriados.
 13250 | D:9      | Found a blossoming altar of Fedhas.
 13375 | D:9      | Noticed a two-headed ogre
 13379 | D:9      | Killed a two-headed ogre
 13380 | D:9      | Reached XP level 11. HP: 44/74 MP: 26/26
 13575 | D:9      | Learned a level 5 spell: Lightning Bolt
 13656 | Lair:1   | Killed a six-headed hydra
 14134 | Lair:1   | Noticed a seven-headed hydra
 14770 | Lair:1   | Killed a seven-headed hydra
 15903 | Lair:2   | Found a staircase to the Snake Pit.
 16093 | Lair:2   | Found a runed translucent door.
 16291 | Lair:2   | Noticed a seven-headed hydra
 16296 | Lair:2   | Killed a seven-headed hydra
 16751 | Lair:2   | Identified the +6 spear of Valour {flame, *Drain rC+ Str+3
                  | Stlth+}
 16751 | Lair:2   | Noticed a spriggan rider
 16878 | Lair:2   | Noticed Vejex's ghost (journeyman DEFE)
 16889 | Lair:2   | Identified the +7 whip of Responsibility {speed, Dex+2}
 16905 | Lair:3   | Noticed a boulder beetle
 17046 | Lair:3   | Noticed a seven-headed hydra
 17053 | Lair:3   | Killed a seven-headed hydra
 17054 | Lair:3   | Reached XP level 12. HP: 44/82 MP: 9/29
 17419 | Lair:3   | Reached skill level 1 in Fighting
 17419 | Lair:3   | Reached skill level 1 in Evocations
 17588 | Lair:3   | Killed a boulder beetle
 18252 | Lair:4   | Found a staircase to the Shoals.
 18490 | Lair:4   | Reached skill level 10 in Air Magic
 18606 | Lair:4   | Noticed Rupert
 19501 | Lair:4   | Identified Dyhum's Handbook of Twisted Necromancy
 19592 | Lair:4   | Learned a level 1 spell: Apportation
 19982 | Lair:5   | Found a viscous altar of Jiyva.
 19982 | Lair:5   | Found a staircase to the Slime Pits.
 20211 | Lair:5   | Noticed an eight-headed hydra
 20215 | Lair:5   | Killed an eight-headed hydra
 21095 | Lair:5   | Noticed a boulder beetle
 21108 | Lair:5   | Killed a boulder beetle
 21607 | Lair:6   | Entered Level 6 of the Lair of Beasts
 21663 | Lair:6   | Reached skill level 10 in Conjurations
 22089 | Lair:6   | Reached XP level 13. HP: 85/95 MP: 6/31
 23975 | Lair:6   | Reached skill level 5 in Dodging
 25174 | Lair:6   | Noticed an entropy weaver
 25183 | Lair:6   | Killed an entropy weaver
 25187 | Lair:6   | Noticed an entropy weaver
 25502 | Lair:6   | Killed an entropy weaver
 25633 | Lair:6   | Reached skill level 5 in Fighting
 25661 | Lair:6   | Reached skill level 5 in Evocations
 25666 | Lair:6   | Reached skill level 10 in Spellcasting
 27379 | D:11     | Identified a scroll of acquirement
 28093 | D:11     | Reached XP level 14. HP: 102/107 MP: 32/32
 28213 | D:11     | Found Qaejetz's Distillery.
 28227 | D:11     | Found a staircase to the Orcish Mines.
 28242 | D:11     | Bought a potion of heal wounds for 75 gold pieces
 28242 | D:11     | Bought a potion of berserk rage for 75 gold pieces
 28242 | D:11     | Bought a potion of lignification for 45 gold pieces
 28242 | D:11     | Bought a potion of brilliance for 60 gold pieces
 28242 | D:11     | Bought a potion of invisibility for 120 gold pieces
 28247 | D:11     | Found a snail-covered altar of Cheibriados.
 28250 | D:11     | Found Cheibriados's Comfort Zone.
 29455 | D:12     | Paralysed by an ogre mage for 7 turns
 29466 | D:12     | Reached skill level 10 in Long Blades
 29648 | D:12     | Acquired a staff of air
 30013 | D:12     | Learned a level 3 spell: Mephitic Cloud
 30560 | D:12     | Noticed Gastronok
 30573 | D:12     | Killed Gastronok
 30776 | D:12     | Got a steaming leather armour
 30786 | D:12     | Identified the +2 leather armour of the Monkey {rC++} (You
                  | found it on level 12 of the Dungeon)
 30986 | D:12     | Noticed Frances
 31020 | D:12     | Paralysed by an orc sorcerer for 4 turns
 31306 | Orc:1    | Entered Level 1 of the Orcish Mines
 31618 | Orc:1    | Found Math's Armour Emporium.
 31688 | Orc:1    | Found a runed translucent gate.
 31689 | Orc:1    | Found a runed translucent gate.
 31689 | Orc:1    | Found a runed translucent gate.
 31707 | Orc:1    | Noticed Vaischauc's ghost (journeyman MiFi)
 31708 | Orc:1    | Found an iron altar of Okawaru.
 31759 | Orc:2    | Entered Level 2 of the Orcish Mines
 32674 | Orc:2    | Paralysed by an ogre mage for 4 turns
 32729 | Orc:2    | Noticed Sonja
 32775 | Orc:2    | Killed Sonja
 33179 | Orc:2    | Found a roughly hewn altar of Beogh.
 34446 | Orc:2    | Found a staircase to the Elven Halls.
 34612 | Orc:2    | Found Muzogurr's Magic Scroll Shoppe.
 34612 | Orc:2    | Found Gymalink's Book Boutique.
 34614 | Orc:2    | Found Alemoyrph's Distillery.
 34616 | Orc:2    | Found Ifeykk's Weapon Emporium.
 34768 | Orc:2    | Bought the +7 pair of quick blades "Gyre" and "Gimble"
                  | {protect} for 840 gold pieces
 34768 | Orc:2    | Found the +7 pair of quick blades "Gyre" and "Gimble"
                  | {protect}
 35718 | Snake:1  | Entered Level 1 of the Snake Pit
 35808 | Snake:1  | Found Dofes's Antique Weapon Boutique.
 35808 | Snake:1  | Found Voawnuuw's Armour Shop.
 35808 | Snake:1  | Found Ynelad's Magic Scroll Boutique.
 35816 | Snake:1  | Bought a +2 helmet of see invisible for 365 gold pieces
 36358 | Snake:1  | Reached skill level 1 in Short Blades
 36433 | Snake:1  | Reached XP level 15. HP: 87/117 MP: 22/34
 36718 | Snake:1  | You fall into a shaft and drop 1 floor!
 36737 | Snake:2  | Noticed a nagaraja
 36755 | Snake:2  | Killed a nagaraja
 38640 | Snake:1  | HP: 1/118 [shock serpent (10)]
 40187 | Snake:3  | Noticed a nagaraja
 40193 | Snake:3  | Killed a nagaraja
 40194 | Snake:3  | Noticed a nagaraja
 40884 | Snake:3  | Killed a nagaraja
 41078 | Snake:3  | Got a pair of steaming gloves
 41089 | Snake:3  | Identified the +0 pair of gloves "Joeth" {Slay+2 Stlth+}
                  | (You found it on level 3 of the Snake Pit)
 42493 | Snake:4  | Entered Level 4 of the Snake Pit
 42493 | Snake:4  | Noticed a nagaraja
 42585 | Snake:4  | Found a flickering gateway to a bazaar.
 42596 | Bazaar   | Entered a bazaar
 42638 | Bazaar   | Found Zogesy's Jewellery Boutique.
 42660 | Bazaar   | Found Hiwyhey Pifa's Antique Armour Emporium.
 42681 | Bazaar   | Found Osuwk's Book Boutique.
 42701 | Bazaar   | Found Keluis Beili's Antique Armour Shoppe.
 42738 | Bazaar   | Bought a bloodstained chain mail for 142 gold pieces
 42748 | Bazaar   | Identified the +1 chain mail of Qazlal's Reproof {Will+}
                  | (You bought it in a shop in a bazaar)
 42756 | Bazaar   | Bought an ancient plate armour for 420 gold pieces
 42761 | Bazaar   | Identified the +5 plate armour "Xyeclonat" {rC++ rN+ Dex+4}
                  | (You bought it in a shop in a bazaar)
 43729 | Snake:4  | Noticed a nagaraja
 43745 | Snake:4  | Noticed a nagaraja
 43751 | Snake:4  | Noticed a nagaraja
 43771 | Snake:4  | Noticed a nagaraja
 43771 | Snake:4  | Noticed a nagaraja
 44084 | Snake:3  | Killed a nagaraja
 44603 | Snake:3  | Killed a nagaraja
 44839 | Snake:4  | Noticed a nagaraja
 44887 | Snake:4  | Killed a nagaraja
 45105 | Snake:4  | Reached XP level 16. HP: 127/128 MP: 36/36
 45130 | Snake:4  | Noticed Mara
 45169 | Snake:4  | Noticed Anon1729's illusion
 45181 | Snake:3  | Noticed Anon1729's illusion
 45307 | Snake:3  | Killed Mara
 45810 | Snake:4  | Noticed Roxanne
 46358 | Snake:4  | Killed Roxanne
 46364 | Snake:4  | Learned a level 2 spell: Corpse Rot
 47269 | Snake:4  | Noticed Vashnia
 49415 | Snake:4  | Killed Vashnia
 50536 | Snake:4  | Reached XP level 17. HP: 58/138 MP: 38/38
 51565 | Snake:4  | Got a serpentine rune of Zot
 51961 | Shoals:1 | Entered Level 1 of the Shoals
 52349 | Lair:4   | Learned a level 6 spell: Freezing Cloud
 52815 | Shoals:1 | Reached skill level 1 in Ice Magic
 53243 | Shoals:1 | Found a runed translucent door.
 53245 | Shoals:1 | Noticed Avuolin's ghost (adept HaHu)
 54171 | Shoals:2 | You fall into a shaft and drop 1 floor!
 54191 | Shoals:3 | Identified Sif Muna's Handbook of Aerial Battle Magic
 55278 | Shoals:4 | Entered Level 4 of the Shoals
 56582 | Shoals:4 | Got a barnacled rune of Zot
 58746 | Shoals:4 | Reached skill level 10 in Dodging
 58880 | Shoals:4 | Identified the Papyrus of Venom and Shape Shifting
 59024 | Shoals:4 | Reached skill level 10 in Fighting
 59185 | Shoals:4 | Identified the +1 flail of Jusod {flame, Int+4}
 59671 | Shoals:4 | Reached skill level 10 in Evocations
 59918 | Shoals:4 | Found the +6 arbalest "Damnation" {damnation}
 60612 | Elf:1    | Entered Level 1 of the Elven Halls
 60612 | Elf:1    | Noticed Louise
 60767 | D:13     | Found Fopneanlu's Assorted Antiques.
 60971 | D:13     | Reached skill level 5 in Ice Magic
 61305 | D:13     | Reached XP level 18. HP: 147/147 MP: 39/39
 61717 | D:14     | Found a gate to the Vaults.
 62066 | D:14     | You fall into a shaft and drop 1 floor!
 62066 | D:15     | Entered Level 15 of the Dungeon
 63125 | D:15     | Found a staircase to the Depths.
 63852 | Vaults:1 | Entered Level 1 of the Vaults
 64245 | D:14     | Reached skill level 5 in Armour
 65133 | Vaults:1 | Paralysed by an ogre mage for 4 turns
 65143 | Vaults:1 | Shot with a bolt by a yaktaur captain

Illustrated notes

Levels and vault maps discovered:
D:1:      shiori_shiawase, layout_basic, amcnicky_mini_pool_small, minivault_5,
          minmay_misc_feat_iff, minmay_heptomino_d4
D:2:      layout_basic, lemuel_doored_altar, uniq_jessica
D:3:      layout_basic, general_overflow_altar, minmay_snake_closets, uniq_robin
D:4:      layout_basic, minmay_temple_entry_overgrown, serial_shops,
          kennysheep_little_box
D:5:      layout_basic, nicolae_overflow_crystal_walls, serial_shops, shop,
          nicolae_shop_temple_entry_statues_fountains, shop, basic_altar
D:6:      layout_gridville, gammafunk_temple_overflow_statue,
          gammafunk_ghost_arena
D:7:      nzn_winding_woodlands_large [nzn_winding_woodlands_5x5_open_star,
          nzn_winding_woodlands_5x15_eye, nzn_winding_woodlands_5x5_perimeter,
          nzn_winding_woodlands_center_diamonds,
          nzn_winding_woodlands_15x15_thick_spiral,
          nzn_winding_woodlands_center_lodge, nzn_winding_woodlands_hourglass,
          nzn_winding_woodlands_5x15_pockets,
          nzn_winding_woodlands_5x5_checkerboard], layout_basic,
          kennysheep_mini_moat, serial_shops, shop, shop, elyvilon_altar_4
D:8:      layout_rooms, gammafunk_ghost_cemetery, minmay_gold_behind_fungi,
          bloody_makhleb
D:9:      layout_basic, lemuel_crystal_altar, gammafunk_temple_overflow_wave,
          david_lair_shrubbed
D:10:     layout_irregular_city, basic_altar, trove_entry_hex_spiral,
          amcnicky_altar_gilded
D:11:     minmay_general_purpose_star, layout_cross, orc_0_dummy, serial_shops,
          nicolae_shop_waterfront, minmay_shop_chei, minmay_microvault
D:12:     minmay_tri_stars, layout_gridville, uniq_frances, uniq_gastronok
D:13:     layout_stronghold, serial_shops, shop, solitary_fountain
D:14:     layout_roguey, david_vaults_2
D:15:     grunt_enter_depths_snipers, layout_loops_ring, fountainhead,
          hangedman_decor_push
Temple:   cyrus_circular_temple
Lair:1:   layout_loops_ring
Lair:2:   layout_big_grid, guppyfry_snake_entry_island,
          ebering_ghost_funeral_grove
Lair:3:   layout_cellular_growth, beast_lair_carwin_6
Lair:4:   layout_misc_corridors, minmay_shoals_entry_beasts,
          minmay_lair_oklob_chamber, lemuel_fruit_tree, serial_bayou_shore_a,
          uniq_rupert
Lair:5:   layout_hall_layers, slime_altar_1
Lair:6:   minmay_lair_end_frog_pond, layout_cave_pods, zaba_antful_of_joy
Shoals:1: layout_shoals, ebering_ghost_inner_flame
Shoals:2: layout_shoals
Shoals:3: layout_shoals, nicolae_shoals_dead_sea_scrolls
Shoals:4: shoals_end_grunt_ice, layout_shoals
Snake:1:  layout_gridlike, guppyfry_library_mini, minmay_shop_star
Snake:2:  layout_basic
Snake:3:  layout_gridlike, grunt_ministairs_14, grunt_megastairs_5
Snake:4:  grunt_snake_rune_spirals, layout_onion_interference, serial_shops,
          bzr_entry_safe, uniq_mara, uniq_roxanne, uniq_vashnia
Orc:1:    layout_caves, gammafunk_ghost_fury_of_okawaru, serial_shops, shop
Orc:2:    st_orc_rangers, layout_caves, basic_altar,
          portal_ice_cave_entry_pillars_2, nicolae_volcano_entry_two_sided,
          uniq_sonja
Elf:1:    minmay_elf_arrival_circle, layout_geoelf_octagon, serial_shops, shop,
          serial_aquarium, aquarium_bridge_island_small
          [aquarium_subvault_small_open, aquarium_subvault_window,
          aquarium_subvault_bridge, aquarium_subvault_bridge,
          aquarium_subvault_wall], aquarium_window_2, aquarium_window_fake,
          aquarium_view_2e, aquarium_pool_double, uniq_louise
Vaults:1: nicolae_vaults_hallways_thing, v_misc_29, st_smaller_cells,
          ontoclasm_vaults_loading_screen, nicolae_vaults_little_squares_4,
          v_misc_22, ontoclasm_vaults_ring_small,
          vaults_room_grunt_arrival_ludios, v_misc_32, vaults_room_pools,
          v_pattern_2, layout_vaults_big_room

Skill      XL: |  1  2  3  4  5  6  7  8  9 10 11 12 13 14 15 16 17 18 |
---------------+-------------------------------------------------------+-----
Conjurations   | 1 2 3 4 5 6 8 9 10 11 12 13 | 13.6
Stealth        | 2 |  2.0
Dodging        | 2 4 5 7 8 9 10 | 10.0
Spellcasting   | 2 3 4 5 6 7 8 9 10 11 12 | 12.1
Air Magic      | 3 4 5 6 7 8 9 10 11 12 13 | 13.8
Shields        | 1 3 4 |  4.0
Long Blades    | 1 3 5 6 8 9 10 11 12 | 12.7
Armour         | 2 4 5 |  5.2
Fighting       | 3 5 6 8 9 10 | 10.5
Evocations     | 3 5 6 8 9 10 | 10.5
Short Blades   | 1 2 |  2.0
Ice Magic      | 5 6 |  6.9

Action                   |  1- 3 |  4- 6 |  7- 9 | 10-12 | 13-15 | 16-18 || total
-------------------------+-------+-------+-------+-------+-------+-------++-------
Melee: Unarmed           |     1 |       |       |       |       |       ||     1
       Short sword       |       |    70 |    14 |       |       |       ||    84
       Long sword        |       |       |   186 |   330 |  1232 |  2109 ||  3857
       Pair of quick bla |       |       |       |       |   117 |       ||   117
       Staff             |       |       |       |       |     2 |       ||     2
Throw: Dart              |       |       |       |     4 |     9 |       ||    13
 Cast: Shock             |    65 |    96 |     8 |     6 |     2 |       ||   177
       Airstrike         |       |     8 |    11 |   218 |   349 |   196 ||   782
       Swiftness         |       |       |       |     3 |     2 |       ||     5
       Static Discharge  |       |       |       |     2 |       |       ||     2
       Lightning Bolt    |       |       |       |       |     9 |       ||     9
       Mephitic Cloud    |       |       |       |       |     4 |       ||     4
       Apportation       |       |       |       |       |     1 |     4 ||     5
       Freezing Cloud    |       |       |       |       |       |     1 ||     1
Evoke: Wand              |       |       |    12 |     9 |     5 |    31 ||    57
  Use: Scroll            |     4 |     3 |     8 |     6 |    21 |     6 ||    48
       Potion            |       |     2 |       |       |     6 |     6 ||    14
 Stab: Sleeping          |       |     3 |     4 |     1 |     3 |       ||    11
       Paralysed         |       |       |     5 |       |       |       ||     5
       Distracted        |       |       |       |       |     2 |       ||     2
Armor: Robe              |     8 |    31 |     8 |    13 |    18 |       ||    78
       Chain mail        |       |       |    43 |    40 |       |       ||    83
       Leather armour    |       |       |       |       |   100 |       ||   100
       Plate armour      |       |       |       |       |    80 |   505 ||   585
Dodge: Dodged            |    11 |    58 |    60 |   109 |   694 |   595 ||  1527
Block: Buckler           |       |     9 |    99 |   163 |   599 |   809 ||  1679
       Rpst.: Long sword |       |       |    10 |    29 |   119 |   112 ||   270

Table legend: (Time is in decaauts)
 A = Elapsed time spent in this place.
 B = Non-inter-level travel time spent in this place.
 C = Inter-level travel time spent in this place.
 D = Time resting spent in this place.
 E = Time spent auto-exploring this place.
 F = Levels seen in this place.
 G = Mean time per level.
                   A        B        C        D        E       F      G
               +--------+--------+--------+--------+--------+-----+--------+
         Total |  64097 |  61007 |   3090 |  22357 |  29764 |  35 | 1831.3 |
       Dungeon |  22271 |  20895 |   1376 |   5244 |  12509 |  15 | 1484.7 |
        Temple |    257 |    257 |      0 |    256 |      0 |   1 |  257.0 |
          Lair |  13864 |  13078 |    786 |   5688 |   6073 |   6 | 2310.7 |
        Shoals |   7808 |   7491 |    317 |   2459 |   3830 |   4 | 1952.0 |
     Snake Pit |  15525 |  15161 |    364 |   7338 |   5472 |   4 | 3881.2 |
  Orcish Mines |   3555 |   3310 |    245 |   1356 |   1271 |   2 | 1777.5 |
   Elven Halls |      1 |      1 |      0 |      0 |      0 |   1 |    1.0 |
        Vaults |    622 |    622 |      0 |     14 |    485 |   1 |  622.0 |
        Bazaar |    190 |    190 |      0 |      0 |    123 |   1 |  190.0 |
               +--------+--------+--------+--------+--------+-----+--------+

Top non-repeatable levels by time:
 Snake:3: 5842 daAuts
 Snake:4: 5043 daAuts
  Lair:6: 3702 daAuts
Shoals:4: 3264 daAuts
    D:10: 2779 daAuts
 Snake:2: 2747 daAuts
  Lair:1: 2560 daAuts
    D:11: 2528 daAuts
  Lair:4: 2419 daAuts
    D:12: 2303 daAuts
  Lair:5: 2114 daAuts
   Orc:1: 2050 daAuts
 Snake:1: 1892 daAuts
     D:3: 1766 daAuts
    D:15: 1622 daAuts
